 Dungeon Crawl Stone Soup version 0.18-b1-16-g289874d (webtiles) character file.

9257 Enish the Black Belt (level 11, -4/70 HPs)
             Began as a Tengu Monk on May 1, 2016.
             Was a High Priest of Okawaru.
             Slain by a yak (8 damage)
             ... on level 10 of the Dungeon.
             The game lasted 00:33:58 (13591 turns).

Enish the Black Belt (Tengu Monk)                  Turns: 13591, Time: 00:33:59

Health: -4/70      AC:  6    Str: 15    XL:     11   Next: 43%
Magic:  12/12      EV: 15    Int: 11    God:    Okawaru [*****.]
Gold:   461        SH:  5    Dex: 16    Spells: 1 memorised, 9 levels left

rFire  + . .     SeeInvis +       - Unarmed
rCold  + . .     Gourm    +     t - +0 leather armour {MR+}
rNeg   . . .     Faith    .     E - +0 buckler {rC+ rF+}
rPois  .         Spirit   .     (helmet restricted)
rElec  .         Dismiss  .     (no cloak)
rCorr  .         Reflect  .     v - +2 pair of gloves
SustAt .         Harm     .     (boots unavailable)
MR     +....                    L - amulet of the gourmand
Stlth  ++........               (no ring)
                                u - ring of see invisible

@: somewhat resistant to hostile enchantments, unstealthy
A: beak, talons 3, robust 1, screaming 1, able to fly 1
a: Fly, Heroism, Finesse, Renounce Religion


You were on level 10 of the Dungeon.
You worshipped Okawaru.
Okawaru was extremely pleased with you.
You were very full.

You visited 2 branches of the dungeon, and saw 11 of its levels.
You also visited: Sewer.

You collected 461 gold pieces.

Inventory:

Hand Weapons
 R - the +8 long sword "Kukeq" {flame, Stlth+}
   (You found it on level 8 of the Dungeon)

   It has been specially enchanted to burn those struck by it, causing extra
   injury to most foes and up to half again as much damage against particularly
   susceptible opponents.
   Big, fiery blades are also staple armaments of hydra-hunters.
   It makes you more stealthy.
Missiles
 d - 3 steel tomahawks (quivered)
 j - 32 poisoned needles
Armour
 p - a +1 shield of reflection
 t - a +0 leather armour of magic resistance (worn)
 v - a +2 pair of gloves (worn)
 E - a +0 buckler of resistance (worn)
Jewellery
 r - an uncursed amulet of faith {unknown}
 u - a ring of see invisible (left hand)
 L - an amulet of the gourmand (around neck)
Wands
 e - a wand of iceblast (3/15)
 h - a wand of paralysis (14/24)
 i - a wand of digging (9/24)
 x - a wand of disintegration (10/24)
 y - a wand of lightning (6/15)
 F - a wand of lightning (5/15)
Scrolls
 l - a scroll of blinking
 m - a scroll of enchant armour
 n - a scroll of enchant weapon
 o - 2 scrolls of teleportation
 s - a scroll of remove curse
 B - 2 scrolls of noise
 K - a scroll of recharging
Potions
 c - 2 potions of agility
 k - a potion of brilliance
 w - a potion of lignification
 z - a potion of cancellation {unknown}
 A - a potion of invisibility {unknown}
 C - a potion of resistance {unknown}
 D - 2 potions of degeneration
 H - a potion of mutation {unknown}
 N - a potion of ambrosia {unknown}
 O - a potion of beneficial mutation {unknown}
 Q - a potion of magic {unknown}
Books
 a - an Akashic Record

   Spells                             Type                      Level
   a - Dispersal                      Translocation                6
   b - Malign Gateway                 Summoning/Translocation      7
   c - Disjunction                    Translocation                8
   d - Controlled Blink               Translocation                8
 q - a book of Party Tricks

   Spells                             Type                      Level
   a - Summon Butterflies             Summoning                    1
   b - Apportation                    Translocation                1
   c - Tukima's Dance                 Hexes                        3
   d - Alistair's Intoxication        Transmutation/Poison         5
   e - Invisibility                   Hexes                        6
 P - a book of Conjurations

   Spells                             Type                      Level
   a - Magic Dart                     Conjuration                  1
   b - Searing Ray                    Conjuration                  2
   c - Dazzling Spray                 Conjuration/Hexes            3
   d - Fulminant Prism                Conjuration/Hexes            4
   e - Iskenderun's Mystic Blast      Conjuration                  4
   f - Iskenderun's Battlesphere      Conjuration/Charms           5
Comestibles
 b - 5 bread rations
 f - 5 meat rations
 g - 2 beef jerkies
 G - a royal jelly
 I - 7 slices of pizza


   Skills:
 - Level 6.0 Fighting
 - Level 6.0 Dodging
 - Level 2.0 Stealth
 - Level 4.0 Shields
 * Level 16.4 Unarmed Combat


You had 9 spell levels left.
You knew the following spells:

 Your Spells              Type           Power        Failure   Level  Hunger
b - Summon Butterflies    Summ           #.......     43%         1    ##.....


Dungeon Overview and Level Annotations

Branches:
Dungeon (10/15)            Temple (1/1) D:4            Lair (0/8) D:9
    Orc (0/2) D:9

Altars:
Elyvilon
Makhleb
Nemelex Xobeh
Okawaru
Qazlal
Sif Muna
Trog
Vehumet
Yredelemnul
The Shining One


Innate Abilities, Weirdness & Mutations

You have a beak for a mouth.
You have claws for feet.
You can fly.
You are robust (+10% HP).
You occasionally shout uncontrollably at your foes.


Message History

Something appears before you! Okawaru grants you a gift!
The yak completely misses you. The yak gores you. You block the yak's attack.
You closely miss the yak. The yak gores you! The yak completely misses you.
You punch the yak! Your kick misses the yak. You peck the yak.
The yak is heavily wounded.
The yak gores you!
* * * LOW HITPOINT WARNING * * *
You are too injured to fight recklessly!
You are too injured to fight recklessly!
You are too injured to fight recklessly!
Unknown command.
Drink which item? (? for menu, Esc to quit)
Okay, then.
You punch the yak! You claw the yak. You peck the yak, but do no damage.
The yak is severely wounded.
The yak misses you. The yak gores you!
* * * LOW HITPOINT WARNING * * *
The yak gores you!
You die...

#...........
#<.......$..
#..$........
#.=..........
#............
#............
#..†[.§≈≈≈...
#..YYY≈≈≈≈§..
#...@.§≈§≈≈..
#.....§§§§≈..
#......≈≈≈.....
#%..............
#...............
##.#...............
##.....##..........
##...#)............
##.#..............


You could see 3 yaks.

Vanquished Creatures
  Erolcha (D:9)
  The ghost of shizyaka the Nimble, a novice MiGl of Okawaru (D:6)
  Pikel (D:6)
  The ghost of shwouchk the Magician, a novice DsWz of Sif Muna (D:7)
  The ghost of kohrah the Skirmisher, a novice DsBe of Trog (D:5)
  Prince Ribbit (D:6)
  Grinder (D:5)
  2 trolls (D:9)
  7 yaks
  A human (D:8)
  A hippogriff (D:9)
  A hog (D:8)
  A hungry ghost (D:8)
  2 water moccasins
  2 hell hounds (D:9)
  Purgy (Sewer)
  6 orc warriors
  2 slaves (D:6)
  A black bear (D:3)
  3 sky beasts
  3 phantoms
  2 ice beasts
  A centaur (D:9)
  4 ogres
  A big kobold (D:9)
  3 gnoll sergeants
  A water moccasin skeleton (D:9)
  A scorpion (D:9)
  6 killer bees (D:8)
  A howler monkey (D:4)
  3 crimson imps
  A centaur zombie (D:5)
  3 giant frog zombies (D:6)
  A lava snake (D:10)
  5 hounds
  8 orc wizards
  4 centaur skeletons
  2 giant frog skeletons (D:6)
  3 orc priests
  7 worker ants
  3 sheep (D:8)
  3 hound zombies
  A hound skeleton (D:7)
  A howler monkey zombie (D:9)
  A worker ant zombie (D:6)
  14 gnolls
  A howler monkey skeleton (D:8)
  15 adders
  2 shadow imps (D:5)
  4 oozes
  3 adder zombies
  3 worms
  A dart slug (D:4)
  7 giant geckos
  40 orcs
  5 ball pythons
  5 giant cockroaches
  6 goblins
  8 hobgoblins
  7 jackals
  5 quokkas
  12 bats
  2 giant gecko zombies (D:6)
  2 giant newts (D:1)
  A goblin skeleton (D:5)
  6 hobgoblin zombies (D:5)
  6 kobolds
  A kobold skeleton (D:5)
  4 kobold zombies (D:5)
  3 orc zombies (D:5)
  3 rats
272 creatures vanquished.

Vanquished Creatures (others)
  A giant frog zombie (D:6)
  A worker ant zombie (D:6)
  An adder zombie (D:6)
  An adder skeleton (D:6)
  3 orcs (D:6)
  A giant gecko skeleton (D:6)
  A giant gecko zombie (D:6)
9 creatures vanquished.

Grand Total: 281 creatures vanquished

Notes
Turn   | Place    | Note
--------------------------------------------------------------
     0 | D:1      | Enish the Tengu Monk began the quest for the Orb.
     0 | D:1      | Reached XP level 1. HP: 14/14 MP: 2/2
   347 | D:1      | Reached XP level 2. HP: 19/19 MP: 3/3
   415 | D:1      | Reached skill level 5 in Unarmed Combat
  1135 | D:2      | Reached XP level 3. HP: 8/23 MP: 4/4
  1151 | D:2      | HP: 1/23 [poisoned by an adder]
  1489 | D:2      | Reached skill level 6 in Unarmed Combat
  1489 | D:2      | Reached XP level 4. HP: 22/28 MP: 5/5
  2196 | D:2      | Gained mutation: You can fly. [Tengu growth]
  2196 | D:2      | Reached XP level 5. HP: 28/32 MP: 6/6
  2477 | D:2      | Reached skill level 7 in Unarmed Combat
  2616 | D:3      | Noticed a water moccasin
  2627 | D:3      | Killed a water moccasin
  2627 | D:3      | Reached XP level 6. HP: 13/37 MP: 7/7
  2935 | D:3      | Reached skill level 8 in Unarmed Combat
  3336 | D:3      | Noticed a black bear
  3342 | D:3      | Killed a black bear
  3822 | D:3      | Reached skill level 5 in Dodging
  4075 | D:4      | Reached XP level 7. HP: 40/41 MP: 8/8
  4087 | D:4      | Found a glowing drain.
  4136 | Sewer    | Entered a sewer
  4164 | Sewer    | Noticed Purgy
  4172 | Sewer    | Killed Purgy
  4183 | Sewer    | Identified a scroll of acquirement
  4667 | D:4      | Found a staircase to the Ecumenical Temple.
  4688 | Temple   | Entered the Ecumenical Temple
  4761 | Temple   | Became a worshipper of Warmaster Okawaru
  4761 | Temple   | Reached * piety under Okawaru
  4761 | Temple   | Reached ** piety under Okawaru
  5309 | D:4      | Found a sparkling altar of Nemelex Xobeh.
  5549 | D:5      | Entered Level 5 of the Dungeon
  5625 | D:5      | Reached skill level 9 in Unarmed Combat
  5709 | D:5      | Noticed kohrah's ghost (novice DsBe)
  5713 | D:5      | Found a glowing golden altar of the Shining One.
  5754 | D:5      | Killed kohrah's ghost
  5754 | D:5      | Reached *** piety under Okawaru
  5754 | D:5      | Reached skill level 10 in Unarmed Combat
  5754 | D:5      | Reached XP level 8. HP: 19/46 MP: 9/9
  5839 | D:5      | Gained mutation: You occasionally shout uncontrollably at your foes. [mutagenic meat]
  5840 | D:5      | Gained mutation: You are robust (+10% HP). [mutagenic meat]
  6171 | D:5      | Noticed Grinder
  6272 | D:5      | Paralysed by Grinder for 2 turns
  6277 | D:5      | Killed Grinder
  6277 | D:5      | Reached skill level 11 in Unarmed Combat
  6354 | D:5      | Reached XP level 9. HP: 46/55 MP: 10/10
  6657 | D:5      | Learned a level 3 spell: Tukima's Dance
  6659 | D:5      | Learned a level 1 spell: Summon Butterflies
  7271 | D:6      | Reached skill level 12 in Unarmed Combat
  7381 | D:6      | Noticed Pikel
  7421 | D:6      | Killed Pikel
  7421 | D:6      | Reached skill level 5 in Fighting
  7661 | D:6      | Found a glowing golden altar of the Shining One.
  7672 | D:6      | Found a basalt altar of Yredelemnul.
  7845 | D:6      | Noticed shizyaka's ghost (novice MiGl)
  7860 | D:6      | Killed shizyaka's ghost
  7860 | D:6      | Reached **** piety under Okawaru
  7891 | D:6      | Reached skill level 13 in Unarmed Combat
  8207 | D:6      | Noticed Prince Ribbit
  8222 | D:6      | Killed Prince Ribbit
  8222 | D:6      | Reached XP level 10. HP: 47/66 MP: 9/11
  8527 | D:6      | Noticed an angel
  8727 | D:7      | Reached skill level 1 in Shields
  8741 | D:7      | Noticed shwouchk's ghost (novice DsWz)
  9072 | D:7      | Killed shwouchk's ghost
  9709 | D:8      | Found a bloodstained altar of Trog.
  9805 | D:8      | Noticed Erolcha
 10186 | D:8      | Reached ***** piety under Okawaru
 10262 | D:8      | Reached skill level 14 in Unarmed Combat
 11248 | D:8      | Got a smoking long sword
 11249 | D:8      | Identified the +8 long sword "Kukeq" {flame, Stlth+} (You found it on level 8 of the Dungeon)
 11283 | D:9      | Found a staircase to the Lair.
 11672 | D:9      | Reached skill level 15 in Unarmed Combat
 11682 | D:9      | Reached XP level 11. HP: 27/70 MP: 12/12
 12614 | D:9      | Found a staircase to the Orcish Mines.
 12739 | D:9      | Killed Erolcha
 12739 | D:9      | Reached skill level 16 in Unarmed Combat
 13537 | D:10     | Entered Level 10 of the Dungeon
 13586 | D:10     | Received a gift from Okawaru
 13591 | D:10     | Slain by a yak

Skill      XL: |  1  2  3  4  5  6  7  8  9 10 11 |
---------------+----------------------------------+-----
Unarmed Combat | 5 6 7 8 10 11 13 15 16 | 16.4
Dodging        | 5 6 |  6.0
Fighting       | 6 |  6.0
Shields        | 4 |  4.0
Stealth        | |  2.0

Action                   |  1- 3 |  4- 6 |  7- 9 | 10-12 || total
-------------------------+-------+-------+-------+-------++-------
Melee: Unarmed           |    56 |   150 |   367 |   441 ||  1014
       Kick              |    13 |    41 |   109 |   126 ||   289
       Peck              |     8 |    26 |    77 |    88 ||   199
       Punch             |       |     4 |    15 |     1 ||    20
Throw: Tomahawk          |       |     5 |       |       ||     5
Invok: Heroism           |       |       |     5 |     3 ||     8
 Abil: Fly               |       |       |     1 |     1 ||     2
Evoke: Wand              |     1 |     4 |     4 |     6 ||    15
  Use: Scroll            |       |     9 |     4 |    10 ||    23
       Potion            |       |     1 |     6 |     5 ||    12
 Stab: Sleeping          |     1 |     8 |     4 |     3 ||    16
       Paralysed         |     3 |     4 |     6 |       ||    13
       Distracted        |       |       |       |     2 ||     2
  Eat: Chunk             |       |     8 |    12 |    30 ||    50
       Beef jerky        |       |     1 |       |       ||     1
       Bread ration      |       |       |     1 |       ||     1
       Pizza             |       |       |       |     2 ||     2
Armor: Robe              |     7 |    18 |    10 |       ||    35
       Leather armour    |       |       |    40 |    44 ||    84
       Skin              |       |       |       |     2 ||     2
Dodge: Dodged            |    31 |    73 |   207 |   193 ||   504
Block: Buckler           |       |       |       |    61 ||    61
